 Dungeon Crawl Stone Soup version 0.22.1-1-ga44c0e56f4 (webtiles) character file.

231 Nixze the Magician (level 5, -4/28 HPs)
             Began as a Deep Elf Ice Elementalist on Nov 2, 2018.
             Slain by a bullfrog skeleton (6 damage)
             ... on level 4 of the Dungeon.
             The game lasted 00:12:33 (4153 turns).

Nixze the Magician (Deep Elf Ice Elementalist)      Turns: 4153, Time: 00:12:33

Health: -4/28      AC:  3    Str:  5    XL:     5   Next: 72%
Magic:  0/14       EV: 12    Int: 21    God:
Gold:   114        SH:  9    Dex: 15    Spells: 4/14 levels left

rFire    . . .     SeeInvis .   t - -2 whip (curse)
rCold    . . .     Gourm    .   q - +0 buckler
rNeg     . . .     Faith    .   a - +0 robe
rPois    .         Spirit   .   (no helmet)
rElec    .         Reflect  +   (no cloak)
rCorr    .         Harm     .   (no gloves)
MR       .....                  p - +0 pair of boots (curse)
Stlth    ++........             l - +5 amulet of reflection
HPRegen  0.09/turn              (no ring)
MPRegen  0.14/turn              (no ring)

@: very slightly contaminated
A: no striking features
a: no special abilities


You were on level 4 of the Dungeon.
You were very hungry.

You visited 1 branch of the dungeon, and saw 4 of its levels.

You collected 114 gold pieces.

Inventory:

Hand Weapons
 j - a +0 whip
 t - a cursed -2 whip (weapon)
Missiles
 u - 5 tomahawks (quivered)
Armour
 a - a +0 robe (worn)
 p - a cursed +0 pair of boots (worn)
 q - a +0 buckler (worn)
Jewellery
 l - a +5 amulet of reflection (around neck)
Wands
 w - a wand of random effects (36)
Scrolls
 b - a scroll of fog {unknown}
 d - 3 scrolls of fear {unknown}
 e - 5 scrolls of immolation {unknown}
 h - 3 scrolls of magic mapping {unknown}
 i - 4 scrolls of identify {unknown}
 k - a scroll of teleportation {unknown}
 m - 2 scrolls of blinking {unknown}
 o - 2 scrolls of remove curse {unknown}
 s - a scroll of enchant weapon {unknown}
 v - a scroll of amnesia {unknown}
Potions
 g - a potion of agility {unknown}
 n - a potion of heal wounds {unknown}
 r - a potion of magic {unknown}
Comestibles
 c - 5 rations


   Skills:
 - Level 2.4 Dodging
 - Level 2.4 Stealth
 + Level 1.2 Shields
 + Level 5.2 Spellcasting
 + Level 2.2 Conjurations
 + Level 2.4 Charms
 + Level 4.9 Ice Magic


You had 4 spell levels left.
You knew the following spells:

 Your Spells              Type           Power        Failure   Level  Hunger
a - Freeze                Ice            ####         1%          1    None
b - Throw Frost           Conj/Ice       ###...       4%          2    None
c - Ozocubu's Armour      Chrm/Ice       ###.....     10%         3    ##.....
d - Throw Icicle          Conj/Ice       ###.....     32%         4    ####...

Your spell library contained the following spells:

 Spells                   Type           Power        Failure   Level  Hunger
 Summon Ice Beast         Ice/Summ       ###.....     47%         4    ####...


Dungeon Overview and Level Annotations

Branches:
Dungeon (4/15)
 Temple: D:4-7

Altars:
Uskayaw
Xom
Yredelemnul

Annotations:
D:3 Grinder


Message History

The bullfrog skeleton hits you.
* * * LOW HITPOINT WARNING * * *
You hit the bullfrog skeleton but do no damage.
The bullfrog skeleton is heavily damaged.
The bullfrog skeleton misses you. The bullfrog skeleton hits you.
* * * LOW HITPOINT WARNING * * *
You barely miss the bullfrog skeleton.
The bullfrog skeleton is heavily damaged.
The bullfrog skeleton hits you.
* * * LOW HITPOINT WARNING * * *
Casting: Freeze (safe; 1% risk of failure)
Confirm with . or Enter, or press ? or * to list all spells.
Aiming: Freeze (safe; 1% risk of failure)
Press: ? - help, Shift-Dir - straight line, f/p - bullfrog skeleton
Aim: a bullfrog skeleton (heavily damaged)
You freeze the bullfrog skeleton.
The bullfrog skeleton completely resists.
The bullfrog skeleton is heavily damaged.
The bullfrog skeleton hits you.
You die...

... . #... #.... . #...
#....####. ####...
#........###########+###....##
#........#...........#.......#
#........#...........#.......#
#........'...........#.......#
#........###..###.##.###.##..#
#..........#.@###.##.###.#####
#..........+..Z...#..........#
#..........#......#..........#
#..........#......#..........#
#..........##########........#
#...........# ##>## #.##.##..#
#####....#### 8...8 #.##.##..#
#....# #.....##.........
#....# 8.....8#.........


You could see a bullfrog skeleton.

Vanquished Creatures
  A howler monkey (D:4)
  2 orc wizards (D:4)
  6 adders
  2 dart slugs
  A leopard gecko (D:3)
  6 orcs
  5 giant cockroaches
  6 hobgoblins
  10 jackals
  8 kobolds
  A quokka (D:2)
  A ball python (D:3)
  A ball python skeleton (D:4)
  4 bats
  4 frilled lizards
  6 goblins
  7 rats
71 creatures vanquished.

Notes
Turn   | Place    | Note
-------+----------+-------------------------------------------
     0 | D:1      | Nixze the Deep Elf Ice Elementalist began the quest for the
                  | Orb.
     0 | D:1      | Reached XP level 1. HP: 10/10 MP: 6/6
   363 | D:1      | Reached XP level 2. HP: 15/15 MP: 3/8
  1315 | D:1      | Learned a level 2 spell: Throw Frost
  1411 | D:2      | Reached skill level 4 in Spellcasting
  1492 | D:2      | Reached XP level 3. HP: 19/19 MP: 5/10
  1551 | D:2      | Learned a level 3 spell: Ozocubu's Armour
  2520 | D:3      | Noticed Grinder
  2698 | D:3      | Reached XP level 4. HP: 24/24 MP: 5/12
  2806 | D:3      | Learned a level 4 spell: Throw Icicle
  3162 | D:3      | Reached skill level 1 in Charms
  3239 | D:3      | Paralysed by Grinder for 5 turns
  3247 | D:3      | Paralysed by Grinder for 6 turns
  3260 | D:3      | Paralysed by Grinder for 3 turns
  3267 | D:3      | Paralysed by Grinder for 2 turns
  3520 | D:4      | Reached skill level 5 in Spellcasting
  3520 | D:4      | Reached XP level 5. HP: 19/28 MP: 2/14
  3745 | D:4      | Found a hide-covered altar of Uskayaw.
  3747 | D:4      | Found a shimmering altar of Xom.
  3785 | D:4      | Found a basalt altar of Yredelemnul.
  3960 | D:4      | Reached skill level 1 in Shields
  4153 | D:4      | Slain by a bullfrog skeleton

Skill      XL: |  1  2  3  4  5 |
---------------+----------------+-----
Spellcasting   | 4 5 |  5.2
Ice Magic      | 4 |  4.9
Charms         | 1 2 |  2.4
Shields        | 1 |  1.2
Conjurations   | 2 |  2.2
Dodging        | |  2.4
Stealth        | |  2.4

Action                   |  1- 3 |  4- 6 || total
-------------------------+-------+-------++-------
Melee: Whip              |     5 |     7 ||    12
 Cast: Freeze            |    38 |    45 ||    83
       Throw Frost       |    29 |    20 ||    49
  Use: Potion            |       |     2 ||     2
  Eat: Chunk             |     6 |     3 ||     9
Armor: Robe              |     3 |     4 ||     7
Dodge: Dodged            |    23 |    27 ||    50
Block: Other             |     5 |     2 ||     7
       Reflection        |     2 |     1 ||     3
       Buckler           |       |    23 ||    23
